 Seeded DCSS version 0.29.1-12-g30fa7ad0bf (webtiles) character file.

Game seed: 18334199546629406935 (custom seed)

710 mathmaestro the Purveyor of Pain (level 7, -1/53 HPs)
             Began as a Demonspawn Necromancer on Dec 16, 2022.
             Was an Initiate of Kikubaaqudgha.
             Killed from afar by an orc wizard (6 damage)
             ... with a magic dart
             ... on level 5 of the Dungeon.
             The game lasted 00:13:46 (5699 turns).

mathmaestro the Purveyor of Pain (DsNe)             Turns: 5699, Time: 00:13:47

Health: -1/53      AC:  7    Str: 14    XL:     7   Next: 40%
Magic:  3/13       EV: 12    Int: 18    God:    Kikubaaqudgha [......]
Gold:   287        SH:  0    Dex: 14    Spells: 6/14 levels left

rFire   . . .      SeeInvis .   r - +4 flail (protect)
rCold   . . .      Faith    .   (no shield)
rNeg    . . .      Spirit   .   s - +0 leather armour
rPois   .          Reflect  .   (helmet restricted)
rElec   .          Harm     .   o - +0 cloak
rCorr   .          Rampage  .   k - +1 pair of gloves
Will    .....                   (no boots)
Stlth   ++........              (no amulet)
HPRegen 0.17/turn               g - +6 ring of strength
MPRegen 0.26/turn               m - ring of flight

@: animating dead, flying
A: antennae 1, rugged brown scales 1, powered by death 1, magic regeneration
a: Renounce Religion


You were on level 5 of the Dungeon.
You worshipped Kikubaaqudgha.
Kikubaaqudgha was noncommittal.
You visited 1 branch of the dungeon, and saw 5 of its levels.
You also visited: Sewer.

You collected 287 gold pieces.

Inventory:

Hand Weapons
 j - a +4 whip
 r - a +4 flail of protection (weapon)
Missiles
 a - 4 javelins (quivered)
Armour
 k - a +1 pair of gloves (worn)
 o - a +0 cloak (worn)
 s - a +0 leather armour (worn)
Jewellery
 g - a +6 ring of strength (left hand)
 m - a ring of flight (right hand)
Scrolls
 f - 3 scrolls of immolation
 l - 2 scrolls of teleportation
 n - 2 scrolls of magic mapping
 q - 3 scrolls of fog
 w - a scroll of enchant weapon
Potions
 b - a potion of magic
 c - 4 potions of curing
 d - 3 potions of attraction {unknown}
 e - 2 potions of heal wounds {unknown}
 h - 2 potions of haste {unknown}
 i - 3 potions of might {unknown}
 p - a potion of flight {unknown}
 t - 3 potions of degeneration {unknown}
 u - a potion of cancellation {unknown}
 v - a potion of mutation {unknown}
 x - a potion of invisibility {unknown}
 z - 2 potions of lignification {unknown}
 A - a potion of berserk rage {unknown}


   Skills:
 + Level 3.5 Fighting
 + Level 1.2 Throwing
 + Level 3.3 Armour
 - Level 2.0 Dodging
 - Level 2.0 Stealth
 + Level 4.0 Spellcasting
 + Level 6.2 Necromancy


You had 6 spell levels left.
You knew the following spells:

 Your Spells              Type           Power      Damage    Failure   Level
a - Necrotise             Necr           100%       1d9       1%          1
b - Vampiric Draining     Necr           26%        2d7       4%          3
c - Animate Dead          Necr           26%        N/A       14%         4

Your spell library contained the following spells:

 Spells                   Type           Power      Damage    Failure   Level
 Slow                     Hex            12%        N/A       19%         1
 Agony                    Necr           26%        N/A       36%         5
 Confusing Touch          Hex            3%         N/A       47%         3


Dungeon Overview and Level Annotations

Branches:
Dungeon (5/15)              Sewer (visited)
 Temple: D:4-7

Altars:
Kikubaaqudgha


Innate Abilities, Weirdness & Mutations

You have a pair of small antennae on your head.
You are partially covered in rugged brown scales. (AC +1, +3% HP)
You regenerate a little health from kills.
You regenerate magic rapidly.


Message History

Your Spellcasting skill increases to level 4!
Casting: Necrotise (safe; 1% risk of failure)
Confirm with . or Enter, or press ? or * to list all spells.
Aiming: Vampiric Draining (dangerous; 4% risk of failure)
Press: ? - help, Shift-Dir - straight line, f - gnoll
Aim: a gnoll, wielding a +0 club and quivering stones (lightly wounded, ally target)
You draw life force from the gnoll.
You feel life coursing into your body. The gnoll hits you but does no damage.
Your gnoll zombie barely misses the gnoll.
Casting: Vampiric Draining (dangerous; 4% risk of failure)
Confirm with . or Enter, or press ? or * to list all spells.
Aiming: Vampiric Draining (dangerous; 4% risk of failure)
Press: ? - help, Shift-Dir - straight line, f/p - gnoll
Aim: a gnoll, wielding a +0 club and quivering stones (severely wounded, ally target)
You draw life force from the gnoll!
You kill the gnoll!
Kikubaaqudgha accepts your kill.
You feel life coursing into your body. Something hits you but does no damage.
Your gnoll zombie closely misses the troll.
Unknown command.
Throw: 4 javelins
Press: ? - help, Q - select action, (/) - cycle Shift-Dir - straight line
Okay, then.
You completely miss something. The troll bites you!
The troll claws you but does no damage. The troll claws you.
Something hits your gnoll zombie. Something hits you but does no damage.
Something hits your gnoll zombie. The troll bites you!
The troll barely misses you. The troll closely misses you.
Unknown command.
Press: ? - help, v - describe, . - travel The floor.
You closely miss something. The troll bites you! The troll claws you!
* * * LOW HITPOINT WARNING * * *
The troll claws you!
* * * LOW HITPOINT WARNING * * *
You hear some strange, mumbled words.
A magic dart appears from out of thin air!
The magic dart hits you.
You die...
Kikubaaqudgha rasps: "You have failed me!
Welcome... death!"

#### ...# ######## ...# #......#
...######### #.####.# ##
...........## ######.##<#.# #.
....#.......# #.........#.######.
....#.......###.####..###........
..........<...#............#####.
#.............#Z@.....##.#######.
#.##..###...oooT{......#.........
#.#..........)......#..##########
..##.####....)###...........#
#.............+ ##.#.##.....#
..g..g...>....# #......#).#.#
#.###...#....## #..#..)...#.# ..#
##.......##.#..###....#.#
.T####..........#.........#..


You could see a troll, an orc wizard, 2 orcs and a friendly gnoll zombie.

Vanquished Creatures
  An ogre (D:4)
  A phantom (D:5)
  2 bullfrogs (Sewer)
  A hound (D:5)
  An orc wizard (D:5)
  8 adders
  8 gnolls
  An ufetubus (D:4)
  A worm (D:3)
  2 dart slugs
  9 orcs
  9 endoplasms
  2 giant cockroaches
  2 goblins
  3 hobgoblins
  3 quokkas
  17 ball pythons
  4 bats
  A frilled lizard (Sewer)
  4 kobolds
  26 rats
106 creatures vanquished.

Vanquished Creatures (collateral kills)
  The ghost of PorkyPig the Conjurer, an amateur DrCj (D:4)
  A jelly (D:4)
  A river rat (Sewer)
  3 ball pythons
  A frilled lizard (Sewer)
  2 rats (Sewer)
9 creatures vanquished.

Vanquished Creatures (others)
  2 adder zombies (Sewer)
  A frilled lizard zombie (Sewer)
  A rat zombie (Sewer)
4 creatures vanquished.

Grand Total: 119 creatures vanquished

Notes
Turn   | Place    | Note
-------+----------+-------------------------------------------
     0 | D:1      | mathmaestro the Demonspawn Necromancer began the quest for
                  | the Orb.
     0 | D:1      | Reached XP level 1. HP: 13/13 MP: 3/3
   437 | D:1      | Gained mutation: You are partially covered in rugged brown
                  | scales. (AC +1, +3% HP) [demonic ancestry]
   437 | D:1      | Reached XP level 2. HP: 13/19 MP: 0/5
   624 | D:1      | You fall into a shaft and drop 1 floor!
  1650 | D:2      | Reached skill level 1 in Armour
  2011 | D:2      | Reached XP level 3. HP: 25/25 MP: 3/6
  2015 | D:2      | Learned a level 3 spell: Vampiric Draining
  2220 | D:2      | Reached skill level 1 in Fighting
  2569 | D:2      | Gained mutation: You have a pair of small antennae on your
                  | head. [demonic ancestry]
  2569 | D:2      | Reached XP level 4. HP: 21/32 MP: 2/7
  2722 | D:3      | Found a glowing drain.
  2802 | Sewer    | Entered a sewer
  2937 | Sewer    | Reached skill level 5 in Necromancy
  3171 | Sewer    | Learned a level 4 spell: Animate Dead
  3192 | Sewer    | Reached XP level 5. HP: 33/39 MP: 0/9
  3228 | Sewer    | Gained mutation: You regenerate magic rapidly. [demonic
                  | ancestry]
  3228 | Sewer    | Reached XP level 6. HP: 10/47 MP: 0/10
  3577 | D:3      | Found a faded altar of an unknown god.
  4608 | D:4      | Found a runed translucent door.
  4664 | D:4      | Noticed PorkyPig's ghost (amateur DrCj)
  4682 | D:4      | Killed PorkyPig's ghost
  4736 | D:4      | Found an ancient bone altar of Kikubaaqudgha.
  4747 | D:4      | Became a worshipper of Kikubaaqudgha
  4759 | D:4      | Reached skill level 6 in Necromancy
  4780 | D:4      | Gained mutation: You regenerate a little health from kills.
                  | [demonic ancestry]
  4780 | D:4      | Reached XP level 7. HP: 49/53 MP: 9/12
  5172 | D:5      | Entered Level 5 of the Dungeon
  5388 | D:5      | Reached skill level 1 in Throwing
  5446 | D:5      | Noticed a troll
  5699 | D:5      | Killed from afar by an orc wizard

Illustrated notes

Levels and vault maps discovered:
D:1:      shiori_shiawase, layout_loops_ring, st_stairs_7
D:2:      layout_basic, minmay_large_rounded_square
D:3:      layout_basic, portal_sewer_entry_a, hellmonk_ecumenical_altar_blasted
D:4:      layout_loops_corners, kiku_gazebo_garden_becter, ebering_ghost_sewer_d
D:5:      layout_basic

Skill      XL: |  1  2  3  4  5  6  7 |
---------------+----------------------+-----
Dodging        | 2 |  2.0
Stealth        | 2 |  2.0
Armour         | 1 2 3 |  3.3
Fighting       | 1 2 3 |  3.5
Necromancy     | 5 6 |  6.2
Spellcasting   | 3 4 |  4.0
Throwing       | 1 |  1.2

Action                   |  1- 3 |  4- 6 |  7- 9 || total
-------------------------+-------+-------+-------++-------
Melee: Whip              |    25 |       |       ||    25
       Punch             |     1 |       |       ||     1
       Flail             |     2 |    41 |    26 ||    69
 Cast: Necrotise         |    55 |    66 |    18 ||   139
       Animate Dead      |       |     1 |     1 ||     2
       Vampiric Draining |       |     1 |     2 ||     3
  Use: Scroll            |       |    11 |     2 ||    13
 Stab: Sleeping          |     1 |     1 |       ||     2
Armor: Robe              |     8 |    13 |       ||    21
       Leather armour    |       |     9 |    17 ||    26
Dodge: Dodged            |    26 |    48 |    25 ||    99
